cohdb
Replays
Latest Replays
All Replays
Popular Replays
Top Player Replays
Match Explorer
How It Works
Community
CoH3 Stats
Reddit
Sign in to upload your games and track your stats! →
Sign in with Steam
Match 40718233
Unlisted
Match 40718233
Overview
Messages
Build Orders
End
Engineer Squad
Construct Barracks
Selects Heavy Weapons
Riflemen Squad
M1 Mortar Team
Construct Medical Station
Riflemen Squad
Construct Weapon Support Center
Air Support Center
Grenade Package
Selects Assault Carriers
Selects Halftrack Strongpoints
Bazooka Squad
Grasshopper Recon Run
M3 Assault Carrier
M3 Assault Carrier
Grasshopper Recon Run
M1919 Machine Gun Team
M1918 Browning Automatic Rifles
Selects M2HB .50cal Heavy Machine Gun
Selects Gallant Stand
P-47 Dive Bomb
Bazooka Squad
Improved M9 Bazooka Rockets
Grasshopper Recon Run
P-47 Strafing Run
Grasshopper Recon Run
Construct Motor Pool
P-47 Dive Bomb
M1 Anti-tank Gun Team
M1 Anti-tank Gun Team
P-47 Strafing Run
M8 Greyhound Armored Car
Grasshopper Recon Run
Riflemen Squad
M24 Chaffee Light Tank
Bazooka Squad
P-47 Dive Bomb
Grasshopper Recon Run
Selects M26 Pershing Heavy Tank
P-47 Strafing Run
P-47 Dive Bomb
Riflemen Squad
Bazooka Squad
M26 Pershing Heavy Tank
P-47 Strafing Run
kgeri
Nyan Cat
Ethyor
LanceCriminal619
Vacx
Nashorn101
0
0
Comments
sign in to comment!
No comments posted yet!